 Dungeon Crawl Stone Soup version 0.30-a0-808-g6e0788376e (webtiles) character file.

Game seed: 15604667673968908216

144 cforsyth the Sneak (level 5, 0/32 HPs)
             Began as a Kobold Brigand on Feb 27, 2023.
             Slain by a quasit (1 damage)
             ... summoned by Eustachio
             ... on level 4 of the Dungeon.
             The game lasted 00:03:47 (2766 turns).

cforsyth the Sneak (Kobold Brigand)                 Turns: 2766, Time: 00:03:48

Health: 0/32       AC:  4    Str:  8      XL:     5   Next: 52%
Magic:  5/5        EV: 15    Int: 12      God:
Gold:   316        SH:  0    Dex: 16 (19) Spells: 4/4 levels left

rFire   . . .      SeeInvis .    a - +2 dagger
rCold   . . .      Faith    .    (no shield)
rNeg    + . .      Spirit   .    b - +0 robe
rPois   .          Reflect  .    (no helmet)
rElec   .          Harm     .    c - +0 cloak
rCorr   .          Rampage  .    t - +0 pair of gloves
Will    .....                    (no boots)
Stlth   ++++                     (no amulet)
HPRegen 0.25/turn                k - ring of positive energy
MPRegen 0.09/turn                (no ring)

@: no status effects
A: small, no large weapons, nightstalker 3
a: no special abilities


You were on level 4 of the Dungeon.
You visited 1 branch of the dungeon, and saw 4 of its levels.

You collected 316 gold pieces.

Inventory:

Hand Weapons
 a - a +2 dagger (weapon)
Missiles
 d - 13 poisoned darts (quivered)
 e - 3 curare-tipped darts
Armour
 b - a +0 robe (worn)
 c - a +0 cloak (worn)
 t - a +0 pair of gloves (worn)
Jewellery
 k - a ring of positive energy (left hand)
 x - a ring of willpower
Scrolls
 f - a scroll of vulnerability {unknown}
 g - a scroll of identify
 n - 2 scrolls of fog
 q - a scroll of teleportation {unknown}
 r - a scroll of magic mapping {unknown}
 s - 3 scrolls of noise {unknown}
 u - a scroll of fear {unknown}
Potions
 h - 2 potions of curing {unknown}
 i - 2 potions of attraction {unknown}
 l - 3 potions of mutation {unknown}
 m - a potion of might {unknown}
 o - a potion of magic {unknown}
 v - 2 potions of invisibility {unknown}
 w - 2 potions of degeneration {unknown}


   Skills:
 + Level 3.4 Fighting
 + Level 4.1 Short Blades
 - Level 2.1 Throwing
 + Level 3.1 Dodging
 + Level 6.3 Stealth


You had 4 spell levels left.
You didn't know any spells.
Your spell library was empty.

Dungeon Overview and Level Annotations

Branches:
Dungeon (4/15)
 Temple: D:4-7

Altars:
Fedhas
Uskayaw
Wu Jian

Shops:
D:1 :

Annotations:
D:4 Eustachio


Innate Abilities, Weirdness & Mutations

You are small and have problems with some larger weapons.
You are completely attuned to the shadows.


Message History

The quasit closely misses you. The quasit misses you. x2
The quasit claws you but does no damage. x2
As you read the scroll labelled VIPLU ABBUNOPH, it crumbles to dust.
It is a scroll of identify.
n - 2 scrolls of fog The hound bites you but does no damage.
The quasit bites you.
You feel clumsy. The quasit completely misses you. The quasit claws you.
You feel clumsy. The quasit barely misses you. The quasit claws you.
* * * LOW HITPOINT WARNING * * *
The quasit misses you. The dart slug launches a dart at you.
The slug dart misses you. Eustachio hits you with a +0 rapier.
* * * LOW HITPOINT WARNING * * *
As you read the scroll labelled KERISA TAUJIN, it crumbles to dust.
Wisps of shadow whirl around you...
It was a scroll of summoning.
The quasit misses you. The quasit closely misses you.
The quasit claws you but does no damage.
The quasit barely misses you. The quasit completely misses you.
The quasit claws you.
* * * LOW HITPOINT WARNING * * *
You feel clumsy. The hound bites you but does no damage.
The hound bites your iguana.
Eustachio screams, "Hey, you killed my favourite bat!"
Eustachio barely misses you. The quasit closely misses you. x2
The quasit misses you. The dart slug misses you.
The air fills with toxic fumes!
As you read the scroll labelled GUKOEK IHAOMAZ, it crumbles to dust.
It was a scroll of poison.
The hound bites your iguana. The hound bites you.
* * * LOW HITPOINT WARNING * * *
The quasit closely misses you. The quasit misses you. x2
The hound barely misses your iguana. The hound bites you but does no damage.
The quasit closely misses you.
The quasit claws you but does no damage.
The quasit barely misses you.
Your giant cockroach barely misses Eustachio.
The quasit bites you but does no damage.
The quasit claws you.
You die...

###
#.......#.#...#####...#
#.
#.#####..<............#
## ###
##..#..#........######
##......<............
##............######
#..................
#######..###########
##§5h§###..# #.....
#§hl@§§###.# #.....
#§§§5w@§§##.# #.....
#§§K§o§B§§..# #.....
#§§§§§§§§§..# #.....
+§§§§§§§§##.# #.....
......##..# #.....
....##..## ##.....
##..## ##...... ##..##
##..#####


You could see Eustachio (ally target), 2 hounds, 2 quasits, a dart slug, an orc,
a friendly iguana (summoned), a friendly giant cockroach (summoned) and a
friendly kobold (summoned).

Vanquished Creatures
  3 gnolls
  4 adders
  A worm (D:2)
  2 dart slugs (D:1)
  An orc (D:3)
  4 ball pythons
  6 bats
  4 endoplasms
  4 giant cockroaches
  5 goblins
  5 hobgoblins
  6 jackals
  4 kobolds
  5 quokkas
  8 frilled lizards
  7 rats
69 creatures vanquished.

Notes
Turn   | Place    | Note
-------+----------+-------------------------------------------
     0 | D:1      | cforsyth the Kobold Brigand began the quest for the Orb.
     0 | D:1      | Reached XP level 1. HP: 12/12 MP: 1/1
   133 | D:1      | Reached XP level 2. HP: 18/18 MP: 2/2
   228 | D:1      | Found Adeeral's Book Boutique.
   288 | D:1      | Reached XP level 3. HP: 22/22 MP: 3/3
   340 | D:1      | You fall into a shaft and drop 1 floor!
   711 | D:2      | Reached XP level 4. HP: 9/27 MP: 4/4
   967 | D:2      | Reached skill level 6 in Stealth
  1661 | D:3      | Reached XP level 5. HP: 20/32 MP: 5/5
  1889 | D:3      | Found a blossoming altar of Fedhas.
  2018 | D:3      | Found an ornate altar of the Wu Jian Council.
  2453 | D:4      | Found a hide-covered altar of Uskayaw.
  2752 | D:4      | Noticed Eustachio
  2766 | D:4      | HP: 1/32 [hound (4)]
  2766 | D:4      | Slain by a quasit

Illustrated notes

Levels and vault maps discovered:
D:1:      psy_arrival_basics, layout_rooms, serial_shops, shop_fountains
D:2:      layout_rooms, minmay_tetromino_t2
D:3:      layout_rooms, mainiacjoe_overflow_cross_hatched, old_standard_altar
D:4:      minmay_polygon_palace, layout_basic,
          mainiacjoe_overflow_six_doors_small, uniq_eustachio

Skill      XL: |  1  2  3  4  5 |
---------------+----------------+-----
Short Blades   | 3 4 |  4.1
Dodging        | 2 3 |  3.1
Fighting       | 3 |  3.4
Stealth        | 6 |  6.3
Throwing       | |  2.1

Action                     |  1- 3 |  4- 6 || total
---------------------------+-------+-------++-------
  Melee: Dagger            |    75 |   129 ||   204
         Punch             |     2 |       ||     2
    Use: Scroll            |       |     3 ||     3
   Stab: Sleeping          |    11 |    18 ||    29
 Armour: Robe              |    14 |    28 ||    42
  Dodge: Dodged            |    36 |   101 ||   137

Table legend: (Time is in decaauts)
 A = Elapsed time spent in this place.
 B = Non-inter-level travel time spent in this place.
 C = Inter-level travel time spent in this place.
 D = Time resting spent in this place.
 E = Time spent auto-exploring this place.
 F = Levels seen in this place.
 G = Mean time per level.
                   A        B        C        D        E       F      G
               +--------+--------+--------+--------+--------+-----+--------+
         Total |   2729 |   2682 |     47 |    402 |   1817 |   4 |  682.2 |
       Dungeon |   2729 |   2682 |     47 |    402 |   1817 |   4 |  682.2 |
               +--------+--------+--------+--------+--------+-----+--------+

Top non-repeatable levels by time:
     D:2: 822 daAuts
     D:1: 754 daAuts
     D:3: 646 daAuts
     D:4: 505 daAuts
